 Dungeon Crawl Stone Soup version 0.18-a0-952-g309898a (webtiles) character file.

193 Jmtri7 the Covered (level 5, -2/48 HPs)
             Began as a Minotaur Fighter on Jan 1, 2016.
             Slain by a hound (4 damage)
             ... on level 4 of the Dungeon.
             The game lasted 00:04:29 (1075 turns).

Jmtri7 the Covered (Minotaur Fighter)               Turns: 1075, Time: 00:04:29

Health: -2/48      AC:  9    Str: 21    XL:     5   Next: 44%
Magic:  4/4        EV:  5    Int:  9    God:    Xom [..*...]
Gold:   67         SH: 10    Dex: 10    Spells: 0 memorised, 4 levels left

rFire  . . .     SeeInvis .     a - +0 long sword
rCold  . . .     Gourm    .     h - +0 chain mail
rNeg   . . .     Faith    .     c - +0 shield
rPois  .         Spirit   .     (helmet restricted)
rElec  .         Dismiss  .     (no cloak)
rCorr  .         Reflect  .     (no gloves)
SustAt .         Harm     .     (no boots)
MR     .....                    (no amulet)
Stlth  ..........               (no ring)
                                e - +4 ring of intelligence

@: not resistant to hostile enchantments, extremely unstealthy
A: retaliatory headbutt, horns 2
a: Renounce Religion


You were on level 4 of the Dungeon.
You worshipped Xom.
You were a toy of Xom.
You were near starving.

You visited 1 branch of the dungeon, and saw 4 of its levels.

You collected 67 gold pieces.

Inventory:

Hand Weapons
 a - a +0 long sword (weapon)
Missiles
 p - 7 needles of frenzy
Armour
 c - a +0 shield (worn)
 h - a +0 chain mail (worn)
Jewellery
 e - a +4 ring of intelligence (left hand)
Wands
 o - a wand of polymorph (19/24)
Scrolls
 g - 2 scrolls of identify {unknown}
 i - a scroll of immolation {unknown}
 l - a scroll of random uselessness {unknown}
 m - a scroll of remove curse {unknown}
 n - 2 scrolls of teleportation {unknown}
Potions
 b - a potion of poison {unknown}
 d - a potion of might
 j - a potion of heal wounds {unknown}
Comestibles
 f - a bread ration
 k - 3 fruits


   Skills:
 + Level 5.1 Fighting
 - Level 2.4 Long Blades
 + Level 5.2 Armour
 + Level 5.2 Shields


You had 4 spell levels left.
You didn't know any spells.

Dungeon Overview and Level Annotations

Branches:
Dungeon (4/15)
 Temple: D:4-7

Altars:
Xom


Innate Abilities, Weirdness & Mutations

You reflexively headbutt those who attack you in melee.
You have a pair of horns on your head.


Message History

The hound bites you but does no damage.
You slash the ogre! Your headbutt misses the ogre.
The ogre is severely wounded.
The hound barely misses you. The ogre hits you but does no damage.
The hound bites you.
* * * LOW HITPOINT WARNING * * *
You barely miss the ogre. You headbutt the ogre.
The ogre is almost dead.
The hound bites you but does no damage. You block the ogre's attack.
You block the hound's attack.
You slash the ogre!
You kill the ogre!
Your Fighting skill increases to level 5!
Your Armour skill increases to level 5!
Your Shields skill increases to level 5!
You have reached level 5!
The hound barely misses you. You block the hound's attack.
You closely miss the hound. You block the hound's attack. The hound bites you.
You die...
Xom titters!

.. ....# #.
#.#.# ###.###
#.#.# .....#
#.#.#
#...###.#.#####
#.........[....
∆
#.###.#.###h...#
#....#......@..#
#(#.####)..#
#####.#.# #.?.#
#...#.#.. ∆....#
#.....####
##.... ∆ #...###
#.... ##.##
##### #.# #.#


You could see a hound.

Vanquished Creatures
  An ogre (D:4)
  3 gnolls (D:3)
  2 adders (D:3)
  5 worms
  A giant gecko (D:1)
  7 orcs (D:3)
  4 bats
  2 giant cockroaches
  4 hobgoblins
  2 jackals (D:3)
  2 kobolds
  A quokka (D:2)
  A giant newt (D:2)
  4 goblins
  3 rats
42 creatures vanquished.

Notes
Turn   | Place    | Note
--------------------------------------------------------------
     0 | D:1      | Jmtri7 the Minotaur Fighter began the quest for the Orb.
     0 | D:1      | Reached XP level 1. HP: 19/19 MP: 0/0
    99 | D:1      | Reached skill level 4 in Armour
   103 | D:1      | Reached XP level 2. HP: 16/27 MP: 1/1
   107 | D:2      | Found a shimmering altar of Xom.
   115 | D:2      | Became a worshipper of Xom of Chaos
   115 | D:2      | XOM: divination: detect creatures
   223 | D:2      | XOM: potion effect (agility)
   391 | D:3      | XOM: potion effect (berserk rage)
   394 | D:3      | Reached XP level 3. HP: 33/33 MP: 2/2
   452 | D:3      | XOM: divination: detect items
   628 | D:3      | Reached XP level 4. HP: 12/41 MP: 3/3
  1063 | D:4      | Noticed an ogre
  1071 | D:4      | XOM: divination: detect items
  1072 | D:4      | HP: 1/41 [hound (4)]
  1074 | D:4      | Killed an ogre
  1074 | D:4      | Reached skill level 5 in Fighting
  1074 | D:4      | Reached skill level 5 in Armour
  1074 | D:4      | Reached skill level 5 in Shields
  1074 | D:4      | Reached XP level 5. HP: 1/48 MP: 4/4
  1075 | D:4      | Slain by a hound

Vault maps used:
D:1:      tarquinn_simple_flora_water_c
D:2:      xom_teletrap_fun, first_bread, minmay_misc_feat_pillars
D:3:      kennysheep_generic_room_5
D:4:      nicolae_ossuary_entry_ruins

Action                   |  1- 3 |  4- 6 || total
-------------------------+-------+-------++-------
Melee: Long sword        |   119 |    29 ||   148
